AoeStats
← [RZ] HardZeeiRa-BR

Arabia

509334701Analyzed
1v1 RM · 5d ago on Sep 26, 2026· 40m 1s· 2 players
Game mode
Random Map
Map size
Tiny (2 player)
Population
200
Speed
Normal
Resources
Standard
Victory
Conquest
Starting age
Dark Age
Ending age
Imperial Age
RankedLock teamsTeams togetherTeam positionsShared explorationLock speedFull tech treeHidden civsTurbo modeCheats
Victory
Defeat
1216
+15
🇧🇷 Varangians · Brazil
1188
-15
[RZ] HardZeeiRa-BR
6:24 Loom
9:05 Feudal Age
13:14 Double-Bit Axe
15:25 Bloodlines
18:40 Wheelbarrow
21:57 Castle Age
19:40 Horse Collar
20:52 Scale Barding Armor
21:03 Gold Mining
21:54 Forging
23:49 Chain Barding Armor
27:21 Iron Casting
29:52 Husbandry
37:36 Pikeman
39:33 Fletching
给你医保卡打欠费
10:04 Feudal Age
8:20 Loom
11:02 Double-Bit Axe
13:49 Horse Collar
22:12 Castle Age
20:51 Bloodlines
21:23 Gold Mining
22:38 Stone Mining
23:39 Wheelbarrow
23:10 Heavy Plow
24:05 Forging
24:01 Scale Barding Armor
26:43 Iron Casting
29:44 Gold Shaft Mining
32:04 Capped Ram
33:02 Bow Saw
Connection lost

Rejoining the realm…

Still unreachable

The connection could not be restored.

Session expired

The server has moved on; the page needs a fresh start.